[Event "Titled Tuesday Blitz November 01 Early 2022"]
[White "Costachi, Mihnea"]
[Black "Kodinets, Konstantin L."]
[WhiteFideId "1217518"]
[BlackFideId "4122011"]
[WhiteElo "2437"]
[BlackElo "2447"]
[Result "0-1"]
[Round "05"]
[TimeControl "180+1"]
[Date "2022.11.02"]
[WhiteClock "0:00:08"]
[BlackClock "0:00:13"]

1. Nc3 d6 2. d4 Nf6 3. e4 e5 4. Nf3 exd4 5. Nxd4 Be7 6. Be2 O-O 7. Be3 Re8 8. O-O Bf8 9. f3 h6 10. Qd2 d5 11. exd5 Nxd5 12. Nxd5 Qxd5 13. Rfe1 Nc6 14. Nxc6 Qxc6 15. Bf2 Bf5 16. c3 Bd6 17. Bd4 a6 18. Bd3 Bxd3 19. Qxd3 Rxe1+ 20. Rxe1 Re8 21. Re2 b5 22. b3 f5 23. g3 Rxe2 24. Qxe2 Kf7 25. g4 Qd5 26. Bf2 fxg4 27. fxg4 g6 28. Bd4 Qe6 29. Qf3+ Kg8 30. Qa8+ Kf7 31. Qf3+ Ke7 32. Kg2 c5 33. Be3 h5 34. Bg5+ Kd7 35. gxh5 gxh5 36. h4 Qg6 37. Qb7+ Bc7 38. Qd5+ Bd6 39. Kf3 Qe6 40. Qa8 Qg4+ 41. Ke3 Qg3+ 42. Ke2 Qh2+ 43. Ke3 Qg3+ 44. Ke2 Qh2+ 45. Kd3 Qg3+ 46. Kc2 Qf2+ 47. Bd2 Qf5+ 48. Kb2 Qd3 49. Qb7+ Bc7 50. Qg2 Be5 51. Qb7+ Ke6 52. Qg2 b4 53. Qc6+ Bd6 54. Qe8+ Be7 55. Qc8+ Kf7 56. Kc1 bxc3 57. Bf4 Qf1+ 58. Kc2 Qxf4 59. Kxc3 Qd4+ 60. Kc2 Bf6 61. Qc7+ Kg6 62. Qg3+ Qg4 63. Qd3+ Qf5 64. Kd2 Qxd3+ 65. Kxd3 Bxh4 66. Kc4 Bf2 67. Kd5 h4 68. Kc6 h3 69. Kb6 c4+ 70. Kxa6 cxb3 71. axb3 h2 72. b4 h1=Q 73. b5 Qa8# 0-1


[Site "https://www.chess.com"]

[Event "Titled Tuesday Blitz November 01 Early 2022"]
[White "Cramling Bellon, Anna"]
[Black "Ljukin, Sergei"]
[WhiteFideId "32009232"]
[BlackFideId "14102200"]
[WhiteElo "1972"]
[BlackElo "2312"]
[Result "0-1"]
[Round "05"]
[TimeControl "180+1"]
[Date "2022.11.02"]
[WhiteClock "0:00:01"]
[BlackClock "0:00:23"]

1. d4 d5 2. c4 c6 3. Nc3 Nf6 4. Nf3 dxc4 5. a4 Bf5 6. Nh4 Bg4 7. h3 Bc8 8. e3 e5 9. Bxc4 exd4 10. exd4 Be7 11. O-O O-O 12. Nf3 Na6 13. Bxa6 bxa6 14. Ne5 Bb7 15. Bf4 c5 16. dxc5 Bxc5 17. Qb3 Qb6 18. Qa2 Rad8 19. a5 Qb4 20. Qa4 Nd5 21. Nxd5 Rxd5 22. Qxb4 Bxb4 23. Rfd1 Rfd8 24. Rxd5 Rxd5 25. Rc1 f6 26. Nf3 Bxa5 27. b4 Bxb4 28. Rb1 a5 29. Rc1 Rd7 30. Be3 Bxf3 31. gxf3 a4 32. Rc4 a3 33. Rxb4 a2 34. Ra4 Rd1+ 35. Kg2 a1=Q 36. Rxa1 Rxa1 37. Bd4 Ra4 38. Bc5 a5 39. Kg3 Rc4 40. Be3 a4 41. f4 a3 0-1


[Site "https://www.chess.com"]

[Event "Titled Tuesday Blitz November 01 Early 2022"]
[White "Csonka, Balazs"]
[Black "Rustemov, Alexander"]
[WhiteFideId "742910"]
[BlackFideId "4119002"]
[WhiteElo "2404"]
[BlackElo "2937"]
[Result "0-1"]
[Round "05"]
[TimeControl "180+1"]
[Date "2022.11.01"]
[WhiteClock "0:00:03"]
[BlackClock "0:00:37"]

1. d4 d5 2. c4 c6 3. Nc3 Nf6 4. e3 a6 5. Nf3 b5 6. b3 Bg4 7. Be2 e6 8. O-O Nbd7 9. Ne5 Bxe2 10. Qxe2 Qc7 11. Bb2 Bd6 12. f4 O-O 13. c5 Be7 14. b4 a5 15. a3 Qb7 16. g4 axb4 17. axb4 Rxa1 18. Rxa1 Ra8 19. g5 Rxa1+ 20. Bxa1 Ne8 21. Nxd7 Qxd7 22. Qa2 Qb7 23. Nb1 Nc7 24. Nd2 Qa6 25. Qxa6 Nxa6 26. Bc3 f6 27. gxf6 gxf6 28. Kg2 Kf7 29. Kf3 Kg6 30. Nb3 Bd8 31. Nc1 Nb8 32. Ne2 Nd7 33. Ng3 Bc7 34. Kg4 Nf8 35. f5+ Kf7 36. fxe6+ Nxe6 37. h4 Bxg3 38. Kxg3 Kg6 39. Be1 Kf5 40. Kf3 h5 41. Bg3 Nf8 42. Bf4 Ng6 43. Bg3 Ke6 44. Bf2 Ne7 45. Kf4 Nf5 46. Kf3 Nh6 47. Kf4 Ng4 48. Be1 Kf7 49. Bg3 Ke6 50. Be1 Nh6 51. Bg3 Nf7 52. Bf2 Nd8 53. Be1 Kf7 54. Kf5 Ne6 0-1


[Site "https://www.chess.com"]

[Event "Titled Tuesday Blitz November 01 Early 2022"]
[White "Deac, Bogdan-Daniel"]
[Black "Beerdsen, Thomas"]
[WhiteFideId "1226380"]
[BlackFideId "1030108"]
[WhiteElo "2648"]
[BlackElo "2567"]
[Result "1-0"]
[Round "05"]
[TimeControl "180+1"]
[Date "2022.11.01"]
[WhiteClock "0:00:05"]
[BlackClock "0:00:04"]

1. Nf3 Nf6 2. c4 e6 3. b3 a5 4. Nc3 d5 5. e3 Be7 6. Bb2 O-O 7. d4 Ne4 8. Qc2 Nxc3 9. Bxc3 Nd7 10. Bd3 Nf6 11. O-O a4 12. bxa4 dxc4 13. Bxc4 Nd5 14. Bd2 Bd7 15. a5 Nb4 16. Qb1 Nc6 17. a6 bxa6 18. Qe4 Bf6 19. Rfc1 Ne7 20. Bd3 g6 21. Qf4 Nd5 22. Qg3 a5 23. a3 Rc8 24. e4 Nb6 25. Bxa5 Bg7 26. Rab1 Ra8 27. Bb4 Re8 28. Qxc7 Ba4 29. Qxd8 Rexd8 30. Be7 Rd7 31. Bc5 Nc8 32. e5 Bc6 33. Ng5 Bd5 34. Ne4 Ne7 35. Nd6 Nc6 36. Bb5 Rdd8 37. Bb6 Nxd4 38. Bxd4 Rxa3 39. Bb6 Rb8 40. Bc5 Ra5 41. Bd4 h5 42. Bf1 Rxb1 43. Rxb1 Ra4 44. Rb8+ Kh7 45. Bc3 Ra3 46. Bb2 Ra2 47. Nxf7 g5 48. Nxg5+ Kg6 49. h4 Kf5 50. Bd3+ Kg4 51. Rb4+ 1-0


[Site "https://www.chess.com"]

[Event "Titled Tuesday Blitz November 01 Early 2022"]
[White "Deev, Andrei"]
[Black "Ronka, Erik"]
[WhiteFideId "4102690"]
[BlackFideId "505080"]
[WhiteElo "2327"]
[BlackElo "2264"]
[Result "0-1"]
[Round "05"]
[TimeControl "180+1"]
[Date "2022.11.02"]
[WhiteClock "0:00:14"]
[BlackClock "0:00:54"]

1. e4 c5 2. Nf3 e6 3. c3 Nf6 4. e5 Nd5 5. d4 cxd4 6. cxd4 d6 7. Nc3 Nxc3 8. bxc3 Qc7 9. Bd2 Nd7 10. exd6 Bxd6 11. Bd3 O-O 12. Qe2 Re8 13. O-O Nf8 14. Ne5 b6 15. Rac1 Bb7 16. c4 Rad8 17. f4 Be7 18. Be3 g6 19. Qf2 Nd7 20. h4 Nf6 21. f5 exf5 22. Bf4 Bd6 23. Rfe1 Ne4 24. Bxe4 Bxe4 25. g3 f6 26. Rxe4 fxe5 27. Rxe5 Bxe5 28. Bxe5 Rxe5 29. dxe5 Qxe5 30. Re1 Qd6 31. Qe3 Rc8 32. h5 Qc5 33. h6 Kf7 34. Kg2 Qxe3 35. Rxe3 Rxc4 36. Rd3 Rc7 37. Rd8 Kf6 38. Kf3 Kg5 0-1


[Site "https://www.chess.com"]

[Event "Titled Tuesday Blitz November 01 Early 2022"]
[White "Dehtiarov, Roman"]
[Black "Barbashin, Igor"]
[WhiteFideId "14186640"]
[BlackFideId "4155718"]
[WhiteElo "2200"]
[BlackElo "2138"]
[Result "1-0"]
[Round "05"]
[TimeControl "180+1"]
[Date "2022.11.02"]
[WhiteClock "0:01:19"]
[BlackClock "0:00:54"]

1. e4 d5 2. exd5 Nf6 3. d4 Nxd5 4. c4 Nb6 5. Nf3 g6 6. Nc3 Bg7 7. Be3 O-O 8. Be2 Nc6 9. O-O e5 10. d5 Ne7 11. Qd2 Nf5 12. Rad1 Re8 13. c5 Nxe3 14. Qxe3 Nd7 15. Bc4 e4 16. Nd2 f5 17. d6+ Kh8 18. Nd5 cxd6 19. cxd6 Rf8 20. Nc7 Rb8 21. Ne6 Qf6 22. Nxf8 Bxf8 23. Nb3 Bxd6 24. Rd5 Nb6 25. Rxd6 Qxd6 26. Qc3+ 1-0


[Site "https://www.chess.com"]

[Event "Titled Tuesday Blitz November 01 Early 2022"]
[White "Demin, Vladimir"]
[Black "Harriott, Tyrell"]
[WhiteFideId "4167457"]
[BlackFideId "2086484"]
[WhiteElo "2564"]
[BlackElo "2107"]
[Result "0-1"]
[Round "05"]
[TimeControl "180+1"]
[Date "2022.11.02"]
[WhiteClock "0:00:01"]
[BlackClock "0:00:19"]

1. d4 e6 2. e4 d5 3. Bd3 f5 4. exf5 exf5 5. Nf3 Nf6 6. Ne5 Bd6 7. O-O O-O 8. c4 c5 9. Nd2 cxd4 10. Ndf3 Nc6 11. cxd5 Nxe5 12. Nxe5 Bxe5 13. Re1 Bd6 14. Bg5 Qb6 15. Qf3 Ne4 16. Bh4 Qxb2 17. Rab1 Qa3 18. Rbd1 Bd7 19. g4 Nc3 20. gxf5 Nxd1 21. f6 Nb2 22. Bxh7+ Kxh7 23. Qh5+ Kg8 24. fxg7 Bxh2+ 25. Kxh2 Qh3+ 26. Kg1 Qg4+ 27. Qxg4 Bxg4 28. gxf8=Q+ Kxf8 29. Re4 d3 30. Rf4+ Ke8 31. Rxg4 d2 32. Rg8+ Kf7 33. Rxa8 d1=Q+ 34. Kh2 Qg4 35. Bg3 Nd3 36. d6 Ne1 37. Rh8 Qf3 38. Kh3 Qh1+ 39. Bh2 Qg2+ 40. Kh4 Qxh2+ 41. Kg5 Qxh8 0-1


[Site "https://www.chess.com"]

[Event "Titled Tuesday Blitz November 01 Early 2022"]
[White "Do Nascimento,Christian Almeida"]
[Black "Kvaloy, Aksel Bu"]
[WhiteFideId "2143801"]
[BlackFideId "1528815"]
[WhiteElo "2079"]
[BlackElo "2178"]
[Result "0-1"]
[Round "05"]
[TimeControl "180+1"]
[Date "2022.11.02"]
[WhiteClock "0:00:11"]
[BlackClock "0:00:24"]

1. e4 e5 2. Nf3 Nf6 3. Nc3 Nc6 4. Bb5 Bb4 5. O-O O-O 6. d3 d6 7. Bg5 Bg4 8. Nd5 Nd4 9. Bc4 Bc5 10. Kh1 Kh8 11. c3 Nxf3 12. gxf3 Bh3 13. Rg1 Bxf2 14. Qd2 Bxg1 15. Rxg1 Rg8 16. Qf2 c6 17. Ne3 Be6 18. Qh4 Bxc4 19. dxc4 h6 20. Ng4 Qf8 21. Nxh6 gxh6 22. Bxf6+ Kh7 23. Rf1 Rg6 24. f4 exf4 25. Qxf4 Re8 26. Bh4 Qg7 27. Bg3 Re7 28. Qf5 Kg8 29. Qc8+ Kh7 30. Qf5 Re6 31. b3 Kg8 32. Qf3 Rgf6 33. Qg2 Rxf1+ 34. Qxf1 Qxc3 35. Qf5 Qe3 36. Qg4+ Kf8 37. Qh5 Qxe4+ 38. Kg1 Qg6 39. Qf3 Qb1+ 40. Kg2 Qe4 41. Kf2 Qxf3+ 42. Kxf3 Ke7 43. Bf2 d5 44. Bc5+ Kd7 45. cxd5 cxd5 46. Bxa7 Ra6 47. Bc5 Rxa2 48. h4 h5 49. Ke3 Rg2 50. Kd4 Rg4+ 51. Kxd5 Rxh4 52. b4 Rg4 53. Ke5 h4 54. Kf5 Rg2 55. Kf4 h3 56. Kf3 Rg8 57. Bg1 Rxg1 0-1


[Site "https://www.chess.com"]

[Event "Titled Tuesday Blitz November 01 Early 2022"]
[White "Dominguez Perez, Leinier"]
[Black "Parpiev, Isaak"]
[WhiteFideId "3503240"]
[BlackFideId "34281576"]
[WhiteElo "2998"]
[BlackElo "2556"]
[Result "1-0"]
[Round "05"]
[TimeControl "180+1"]
[Date "2022.11.01"]
[WhiteClock "0:00:25"]
[BlackClock "0:00:01"]

1. e4 e5 2. Nf3 Nc6 3. Bb5 a6 4. Ba4 Nf6 5. O-O Be7 6. Re1 b5 7. Bb3 O-O 8. a4 Bb7 9. d3 Re8 10. Nc3 b4 11. Nd5 Na5 12. Nxe7+ Qxe7 13. Ba2 b3 14. Bd2 bxc2 15. Qxc2 Nc6 16. b4 Rac8 17. Rac1 d6 18. Bc4 h6 19. Qb3 Nd8 20. Nh4 Ne6 21. Nf5 Qf8 22. Be3 Kh7 23. Rc2 Ng4 24. Rec1 Nxe3 25. fxe3 c5 26. Bd5 Bxd5 27. exd5 Ng5 28. h4 g6 29. Ng3 Nh3+ 30. gxh3 Qe7 31. Rc4 Rb8 32. Rf1 cxb4 33. Rxb4 Rxb4 34. Qxb4 a5 35. Qe4 f5 36. Qc4 Rf8 37. Ne2 h5 38. Rc1 Kh6 39. Kg2 Rb8 40. Qc7 Qf8 41. Qd7 e4 42. Rc7 1-0


[Site "https://www.chess.com"]

[Event "Titled Tuesday Blitz November 01 Early 2022"]
[White "Donchenko, Alexander"]
[Black "Al-Tarboush, Ward"]
[WhiteFideId "24603295"]
[BlackFideId "7601450"]
[WhiteElo "2572"]
[BlackElo "2269"]
[Result "1-0"]
[Round "05"]
[TimeControl "180+1"]
[Date "2022.11.02"]
[WhiteClock "0:00:10"]
[BlackClock "0:00:02"]

1. Nf3 b6 2. e4 Bb7 3. Nc3 e6 4. d4 Bb4 5. Bd3 Nf6 6. Nd2 c5 7. a3 Bxc3 8. bxc3 Nc6 9. Bb2 d6 10. O-O Qc7 11. a4 O-O 12. Qe2 cxd4 13. cxd4 Nb4 14. Ba3 Nxd3 15. cxd3 Rfd8 16. Rfc1 Qd7 17. Nc4 Ne8 18. Bb4 Rac8 19. h4 h6 20. a5 b5 21. Ne3 a6 22. h5 Rxc1+ 23. Rxc1 Rc8 24. Rf1 Qc6 25. f4 Nf6 26. f5 Qd7 27. fxe6 fxe6 28. Qf2 Rf8 29. Qh4 Nh7 30. Rxf8+ Nxf8 31. Qf4 Nh7 32. Bxd6 Nf6 33. g4 e5 34. Bxe5 Ne8 35. d5 Qc8 36. Nf5 Qc5+ 37. Bd4 Qb4 38. Qe5 Qe1+ 39. Kg2 Qe2+ 40. Kg3 Nf6 41. Qb8+ Kh7 42. Bxf6 Qe1+ 43. Kf3 Qf1+ 44. Ke3 Qc1+ 45. Kd4 Qb2+ 46. Kc5 Qxf6 47. Qxb7 b4 48. Nxg7 Qc3+ 49. Kd6 Qxg7 50. Qb8 Qf6+ 51. Kc5 Qc3+ 52. Kb6 b3 53. Ka7 b2 54. d6 Qd4+ 55. Ka8 Qxd3 56. Qc7+ Kg8 57. Qb8+ Kf7 58. Qxb2 Qxe4+ 59. Qb7+ 1-0


[Site "https://www.chess.com"]

[Event "Titled Tuesday Blitz November 01 Early 2022"]
[White "Dubov, Daniil"]
[Black "Vachylia, Andrii"]
[WhiteFideId "24126055"]
[BlackFideId "14137224"]
[WhiteElo "2998"]
[BlackElo "2754"]
[Result "0-1"]
[Round "05"]
[TimeControl "180+1"]
[Date "2022.11.01"]
[WhiteClock "0:00:01"]
[BlackClock "0:00:04"]

1. e4 c5 2. Nf3 d6 3. c3 Nf6 4. g3 g6 5. Bg2 Bg7 6. O-O O-O 7. Re1 Nc6 8. h3 e5 9. d4 cxd4 10. cxd4 exd4 11. Nxd4 Nxd4 12. Qxd4 Re8 13. Qd1 d5 14. e5 Ne4 15. Bf4 Qb6 16. Be3 Qxb2 17. Bd4 Qb5 18. Na3 Qa5 19. Nc2 Be6 20. Ne3 Red8 21. Qb3 b6 22. Rad1 Rac8 23. Qb2 Bf8 24. Ng4 Bb4 25. Re3 Bc3 26. Bxc3 Nxc3 27. Nf6+ Kg7 28. Rd4 Nb5 29. Rh4 h6 30. a4 Nc3 31. Qd2 Nb1 32. Qb2 Nc3 33. Kh2 d4 34. Rd3 Qxe5 35. Ne4 g5 36. f4 Qf5 37. fxg5 hxg5 38. Rg4 Nxe4 39. Rxe4 Qf6 40. Rf3 Qe7 41. Rxd4 Rxd4 42. Qxd4+ Kg8 43. Rf6 Rd8 44. Qe5 Qc5 45. Qe4 Rd4 46. Qe3 Kg7 47. Rxe6 fxe6 48. Qxe6 Qd6 49. Qf5 Qf6 50. Qb5 Rd2 51. Qa6 Qc6 52. Qf1 Qxa4 53. Qf5 Qc2 54. Qxg5+ Kf7 55. Qf4+ Ke6 56. Qe3+ Kd6 57. Qf4+ Kc5 58. Qf8+ Kb5 59. Qe8+ Ka5 60. Qe5+ Ka6 0-1


[Site "https://www.chess.com"]

[Event "Titled Tuesday Blitz November 01 Early 2022"]
[White "Durarbayli, Vasif"]
[Black "Grover, Sahaj"]
[WhiteFideId "13402935"]
[BlackFideId "5021103"]
[WhiteElo "2586"]
[BlackElo "2432"]
[Result "0-1"]
[Round "05"]
[TimeControl "180+1"]
[Date "2022.11.02"]
[WhiteClock "0:00:06"]
[BlackClock "0:00:39"]

1. e4 e5 2. Nf3 Nc6 3. Bc4 Nf6 4. Ng5 d5 5. exd5 Na5 6. Bb5+ c6 7. dxc6 bxc6 8. Be2 h6 9. Nh3 Bc5 10. d3 O-O 11. O-O Rb8 12. Nc3 Bd4 13. Kh1 Be6 14. Ng1 Nd5 15. Nxd5 cxd5 16. c3 Bb6 17. Qc2 f5 18. Nf3 Nc6 19. Bd2 Qd6 20. Rad1 Bc7 21. Ng1 f4 22. Rfe1 f3 23. Nxf3 e4 24. dxe4 Rxf3 25. e5 Qxe5 26. g3 Rxf2 27. Bg4 Rxh2+ 0-1


[Site "https://www.chess.com"]

[Event "Titled Tuesday Blitz November 01 Early 2022"]
[White "Faizrakhmanov, Ramil"]
[Black "Kamsky, Gata"]
[WhiteFideId "24103209"]
[BlackFideId "2000024"]
[WhiteElo "2421"]
[BlackElo "2666"]
[Result "1/2-1/2"]
[Round "05"]
[TimeControl "180+1"]
[Date "2022.11.01"]
[WhiteClock "0:01:59"]
[BlackClock "0:01:33"]

1. d4 d5 2. c4 c6 3. Nc3 Nf6 4. e3 g6 5. Nf3 Bg7 6. Be2 O-O 7. O-O e6 8. b3 Nbd7 9. Bb2 b6 10. Qc2 Bb7 11. e4 dxe4 12. Nxe4 Nxe4 13. Qxe4 Qc7 14. Qh4 c5 15. Rad1 Rad8 16. Ba1 Bxf3 17. Bxf3 cxd4 18. Bxd4 Ne5 19. Be2 Nc6 20. Bxg7 Kxg7 21. Qe4 e5 22. Rd5 Rxd5 1/2-1/2


[Site "https://www.chess.com"]

[Event "Titled Tuesday Blitz November 01 Early 2022"]
[White "Fernandez Siles, Luis"]
[Black "Yeritsyan, Hayk"]
[WhiteFideId "2209420"]
[BlackFideId "13307320"]
[WhiteElo "2186"]
[BlackElo "2390"]
[Result "0-1"]
[Round "05"]
[TimeControl "180+1"]
[Date "2022.11.02"]
[WhiteClock "0:00:10"]
[BlackClock "0:00:10"]

1. d4 d5 2. c4 c6 3. Nc3 Nf6 4. cxd5 cxd5 5. Bf4 e6 6. e3 Bd6 7. Bxd6 Qxd6 8. f4 O-O 9. Nf3 Nc6 10. Bd3 Ne7 11. O-O Bd7 12. Ne5 Rac8 13. Rf3 Bc6 14. Rh3 Ne4 15. Qh5 h6 16. g4 f6 17. Bxe4 dxe4 18. Ng6 Nxg6 19. Qxg6 Kh8 20. g5 fxg5 21. fxg5 Be8 22. Qxe4 Bc6 23. Qh4 Rf5 24. gxh6 g6 25. d5 Bxd5 26. e4 Qc5+ 27. Kh1 Bc6 28. Re1 Rcf8 29. Qg3 Rg5 30. Qd3 Qe5 31. Rg3 Rxg3 32. hxg3 Qh5+ 33. Kg2 Qg5 34. Rf1 Rxf1 35. Qxf1 Qxh6 36. Qf6+ Qg7 37. Qxe6 Kh7 38. Qh3+ Qh6 39. Qxh6+ Kxh6 40. Kf3 Kg5 41. Nd5 Bxd5 42. exd5 Kf5 43. b3 Ke5 44. Kg4 Kxd5 45. Kg5 Ke4 46. g4 Kf3 47. a4 a5 48. Kxg6 Kxg4 49. Kf6 Kf4 50. Ke6 Ke4 51. Kd6 Kd4 52. Kc7 Kc3 53. Kb6 Kb4 54. Kxb7 Kxb3 55. Kc6 Kxa4 56. Kc5 Kb3 57. Kd4 a4 58. Ke3 a3 0-1


[Site "https://www.chess.com"]

[Event "Titled Tuesday Blitz November 01 Early 2022"]
[White "Fier, Alexandr"]
[Black "Manelyuk, Daniil"]
[WhiteFideId "2107139"]
[BlackFideId "44173920"]
[WhiteElo "2607"]
[BlackElo "2209"]
[Result "1-0"]
[Round "05"]
[TimeControl "180+1"]
[Date "2022.11.02"]
[WhiteClock "0:02:27"]
[BlackClock "0:00:23"]

1. d4 Nf6 2. Bg5 Ne4 3. h4 h6 4. Bf4 c5 5. dxc5 Nxc5 6. Nc3 Nc6 7. e4 d6 8. f3 g6 9. Qd2 Bg7 10. Nge2 Ne6 11. Be3 Ne5 12. Nd4 Nxd4 13. Bxd4 O-O 14. O-O-O a6 15. f4 Nc6 16. Bxg7 Kxg7 17. h5 Qa5 18. hxg6 fxg6 19. f5 g5 20. Bc4 Ne5 21. Rxh6 Bxf5 22. exf5 Rxf5 23. Rdh1 Nxc4 24. Qd4+ Ne5 25. Rh7+ Kf8 26. Rh8+ Kg7 27. Rxa8 Qb5 28. Nxb5 1-0


[Site "https://www.chess.com"]

[Event "Titled Tuesday Blitz November 01 Early 2022"]
[White "Gabdrakhmanov, Azat"]
[Black "Baches Garcia, Guillermo"]
[WhiteFideId "34189197"]
[BlackFideId "2209764"]
[WhiteElo "2233"]
[BlackElo "2452"]
[Result "1-0"]
[Round "05"]
[TimeControl "180+1"]
[Date "2022.11.02"]
[WhiteClock "0:00:57"]
[BlackClock "0:00:16"]

1. e4 c5 2. Nf3 d6 3. d4 cxd4 4. Nxd4 Nf6 5. Nc3 Nc6 6. Bg5 e6 7. Qd2 h6 8. Bxf6 gxf6 9. O-O-O a6 10. Be2 Bd7 11. Kb1 h5 12. Nb3 Qb6 13. f4 Be7 14. g3 O-O-O 15. Bf3 h4 16. g4 Kb8 17. h3 Na5 18. Nxa5 Qxa5 19. Qe3 Rc8 20. Rd3 Rc4 21. Rhd1 Rhc8 22. a3 b5 23. Qd2 b4 24. axb4 Qxb4 25. Ne2 Qb6 26. Rb3 Bb5 27. Nc3 Ka7 28. Be2 R4c7 29. Bxb5 1-0


[Site "https://www.chess.com"]

[Event "Titled Tuesday Blitz November 01 Early 2022"]
[White "Gabrielian, Artur"]
[Black "Gubajdullin, Alexei"]
[WhiteFideId "4131002"]
[BlackFideId "4141202"]
[WhiteElo "2432"]
[BlackElo "2200"]
[Result "0-1"]
[Round "05"]
[TimeControl "180+1"]
[Date "2022.11.02"]
[WhiteClock "0:00:13"]
[BlackClock "0:00:04"]

1. e4 g6 2. d4 Bg7 3. Nc3 d6 4. Be3 c6 5. Qd2 b5 6. Nf3 Nd7 7. Bd3 Qc7 8. O-O Ngf6 9. Bh6 O-O 10. Bxg7 Kxg7 11. a4 b4 12. Ne2 a5 13. Ng3 h6 14. Rfe1 e5 15. c3 c5 16. d5 c4 17. Bf1 Ba6 18. Nh4 Kh7 19. f4 Qc5+ 20. Kh1 Ng4 21. Re2 bxc3 22. bxc3 exf4 23. Qxf4 Nde5 24. h3 f5 25. hxg4 g5 26. Qd2 gxh4 27. Nxf5 Nxg4 28. Qf4 Rg8 29. Re3 Raf8 30. Rf3 Bc8 31. Rb1 Bxf5 32. exf5 Rf7 33. Rb5 Qa7 34. f6 h3 35. g3 Ne5 36. Qe4+ Kh8 37. Re3 Rxf6 38. Bxh3 Rgf8 39. Bg2 Qg7 40. Rb1 Ng4 41. Rf3 Rxf3 42. Kg1 Nf2 43. Qe6 Rxg3 0-1


[Site "https://www.chess.com"]

[Event "Titled Tuesday Blitz November 01 Early 2022"]
[White "Gireman, Ja"]
[Black "Itkis, Boris"]
[WhiteFideId "5043794"]
[BlackFideId "1209167"]
[WhiteElo "2153"]
[BlackElo "2232"]
[Result "1-0"]
[Round "05"]
[TimeControl "180+1"]
[Date "2022.11.02"]
[WhiteClock "0:00:10"]
[BlackClock "0:00:18"]

1. e4 c5 2. Nf3 Nc6 3. d4 cxd4 4. Nxd4 g6 5. Nc3 Bg7 6. Be3 Nf6 7. h4 O-O 8. h5 d5 9. hxg6 hxg6 10. Nxc6 bxc6 11. e5 Ng4 12. Bf4 Qb6 13. Qd2 Nxe5 14. O-O-O Rb8 15. b3 Bf5 16. Bh6 Ng4 17. Bxg7 Kxg7 18. Bd3 Qxf2 19. Qg5 Qe3+ 20. Qxe3 Nxe3 21. Rd2 Bxd3 22. Rxd3 Nxg2 23. Ne2 Rh8 24. Rg1 Nh4 25. Nf4 Nf5 26. Rf3 Rbf8 27. Rf2 e5 28. Nd3 e4 29. Ne5 Nd4 30. c3 Nf3 31. Nxf3 exf3 32. Rxf3 Re8 33. Kb2 Rh2+ 34. Ka3 Ree2 35. Kb4 Rxa2 36. Kc5 Ra3 37. b4 a5 38. Rgf1 f5 39. Kxc6 axb4 40. cxb4 Rxf3 41. Rxf3 Rb2 42. b5 Kf6 43. b6 g5 44. Rd3 g4 45. Rxd5 Rxb6+ 46. Kxb6 g3 47. Kc5 g2 48. Rd1 f4 49. Kd4 Kf5 50. Rg1 f3 51. Ke3 Kg4 52. Kf2 Kh3 53. Kxf3 Kh2 54. Rxg2+ 1-0


[Site "https://www.chess.com"]

[Event "Titled Tuesday Blitz November 01 Early 2022"]
[White "Goh, Zi Han"]
[Black "Matveeva, Olga"]
[WhiteFideId "5819156"]
[BlackFideId "24107018"]
[WhiteElo "2026"]
[BlackElo "2055"]
[Result "1-0"]
[Round "05"]
[TimeControl "180+1"]
[Date "2022.11.02"]
[WhiteClock "0:00:03"]
[BlackClock "0:00:09"]

1. d4 Nf6 2. c4 d6 3. Nc3 e5 4. dxe5 dxe5 5. Qxd8+ Kxd8 6. Bg5 c6 7. O-O-O+ Nd7 8. Nf3 Kc7 9. g3 Bb4 10. Bd2 a5 11. a3 Bc5 12. e3 Rd8 13. Bg2 Ng4 14. Rhf1 f6 15. h3 Nh6 16. Ne1 Nf8 17. Nc2 Be6 18. b3 Bf5 19. Ne4 Be7 20. Bc3 Nf7 21. g4 Be6 22. Kb2 a4 23. Bb4 Bxb4 24. Nxb4 axb3 25. Rxd8 Rxd8 26. Rc1 Nd7 27. Kxb3 b5 28. Bf1 Kb6 29. Kb2 bxc4 30. Bxc4 Bxc4 31. Rxc4 Nb8 32. Kc2 Nd6 33. Nxd6 Rxd6 34. Nd3 Na6 35. a4 c5 36. Kc3 g6 37. h4 h5 38. gxh5 gxh5 39. f3 Rd8 40. Nf2 Rg8 41. Ne4 Rg1 42. Nxf6 Rc1+ 43. Kb3 Rb1+ 44. Kc2 Rf1 45. Nxh5 Nb4+ 46. Kb3 Rxf3 47. Re4 Rh3 48. Nf6 Rxh4 49. Rxh4 Nd3 50. Rh6 Ka5 51. Ne4 Nc1+ 52. Kb2 Nd3+ 53. Kc3 Nc1 54. Nxc5 Ne2+ 55. Kc4 e4 56. Ra6# 1-0


[Site "https://www.chess.com"]

[Event "Titled Tuesday Blitz November 01 Early 2022"]
[White "Gorodetzky, David"]
[Black "Oparin, Grigoriy"]
[WhiteFideId "2813416"]
[BlackFideId "24125890"]
[WhiteElo "2857"]
[BlackElo "3025"]
[Result "0-1"]
[Round "05"]
[TimeControl "180+1"]
[Date "2022.11.01"]
[WhiteClock "0:00:01"]
[BlackClock "0:00:05"]

1. e4 c5 2. Nf3 d6 3. Bb5+ Bd7 4. Bxd7+ Nxd7 5. O-O Ngf6 6. Re1 e6 7. b3 Be7 8. Bb2 O-O 9. c4 Re8 10. d4 d5 11. cxd5 exd5 12. e5 Ne4 13. Nc3 Nxc3 14. Bxc3 Rc8 15. Rc1 c4 16. bxc4 Rxc4 17. Nd2 Rc6 18. Qb3 Qc7 19. Bb2 Nb6 20. Rxc6 Qxc6 21. Rc1 Qd7 22. g3 h5 23. Ba3 h4 24. Bxe7 Qxe7 25. Rc5 h3 26. a4 Qg5 27. f4 Qg4 28. Qf3 Qd7 29. a5 Na4 30. Rxd5 Qc6 31. f5 Qc2 32. Nf1 Rc8 33. e6 Nc3 34. Re5 fxe6 35. fxe6 Rf8 36. e7 Rxf3 37. e8=Q+ Rf8 38. Qe6+ Rf7 39. Qe8+ Kh7 40. Rh5+ Kg6 41. Qe6+ Kxh5 42. Qxf7+ Kh6 43. Qf3 Ne2+ 44. Kh1 Nxd4 45. Qe3+ Kh7 46. Qg1 Nf3 47. Qe3 Qg2# 0-1


[Site "https://www.chess.com"]

[Event "Titled Tuesday Blitz November 01 Early 2022"]
[White "Grot, Blazej"]
[Black "Garv Gaur"]
[WhiteFideId "21835845"]
[BlackFideId "45030839"]
[WhiteElo "1739"]
[BlackElo "1960"]
[Result "1-0"]
[Round "05"]
[TimeControl "180+1"]
[Date "2022.11.02"]
[WhiteClock "0:00:08"]
[BlackClock "0:00:02"]

1. e4 c6 2. d4 d5 3. Nd2 dxe4 4. Nxe4 Bf5 5. Ng3 Bg6 6. c3 e6 7. Nh3 Bd6 8. Nf4 Ne7 9. h4 h6 10. Nxg6 Nxg6 11. h5 Ne7 12. Qf3 Nd7 13. Bd3 Nf6 14. Ne4 Nxe4 15. Bxe4 Qb6 16. Bd3 Rd8 17. Qg4 c5 18. O-O Kf8 19. dxc5 Bxc5 20. Bc2 Nd5 21. Qf3 Nf6 22. b4 Bd6 23. Be3 Qc7 24. Rfd1 Ke7 25. Bb3 Rhe8 26. Rac1 Kf8 27. c4 Bxb4 28. Rxd8 Rxd8 29. Bxh6 Qe5 30. Bf4 Qxh5 31. Qxb7 Bc5 32. Qc7 Bb6 33. Qc6 Qf5 34. Bg3 Ne4 35. c5 Bxc5 36. Rxc5 Nxc5 37. Bd6+ Rxd6 38. Qxd6+ Kg8 39. Qb8+ Kh7 40. Qxa7 g6 41. Qe7 Kg7 42. Bc4 Ne4 43. f3 Nf6 44. Qb4 Qc2 45. Bf1 Nd5 46. Qd4+ Kg8 47. a4 Qa2 48. a5 Qa4 49. Qxa4 Nc7 50. Qd7 Nd5 51. a6 Nb4 52. Qd8+ Kg7 53. Qd4+ e5 54. Qxb4 e4 55. a7 exf3 56. a8=Q f2+ 57. Kxf2 g5 58. Qd4+ 1-0


[Site "https://www.chess.com"]

[Event "Titled Tuesday Blitz November 01 Early 2022"]
[White "Gulevich, Artem"]
[Black "Aung Thant Zin"]
[WhiteFideId "24119580"]
[BlackFideId "13000063"]
[WhiteElo "2218"]
[BlackElo "2278"]
[Result "1/2-1/2"]
[Round "05"]
[TimeControl "180+1"]
[Date "2022.11.02"]
[WhiteClock "0:01:20"]
[BlackClock "0:00:12"]

1. Nf3 d5 2. b3 e6 3. Bb2 Nf6 4. e3 Be7 5. Be2 O-O 6. O-O c5 7. d4 Nc6 8. Nbd2 b6 9. c4 Bb7 10. Rc1 Rc8 11. dxc5 Bxc5 12. Qc2 h6 13. Qb1 Qe7 14. Rfd1 Rfd8 15. Qa1 Ba3 16. cxd5 Bxb2 17. Qxb2 Nxd5 18. Nc4 b5 19. Nce5 Nxe5 20. Nxe5 b4 21. Bf3 Nc3 22. Rxd8+ Rxd8 23. a3 a5 24. Bxb7 Qxb7 25. Nc4 Qd5 26. g3 Qd3 27. Rc2 Qd1+ 28. Kg2 Qh5 29. Rxc3 bxc3 30. Qxc3 a4 31. bxa4 Rc8 32. Qd4 Qd5+ 33. Qxd5 exd5 34. Nb6 Rc5 35. Kf3 f6 36. Ke2 Kf7 37. Kd3 Ke7 38. Kd4 Kd6 39. Kd3 Ra5 40. Kc3 Kc6 41. Nc8 Rxa4 42. Ne7+ Kd6 43. Nf5+ Ke5 44. Kb3 Ra7 45. g4 h5 46. h3 hxg4 47. hxg4 g6 48. Nd4 Ke4 49. a4 Kd3 50. Kb4 Ke4 51. a5 f5 52. gxf5 gxf5 53. Nc6 Ra8 54. Kb5 f4 55. exf4 Kxf4 56. Kc5 Kf3 57. Kxd5 Kxf2 58. Kc5 Rxa5+ 59. Nxa5 1/2-1/2


[Site "https://www.chess.com"]